 Dungeon Crawl Stone Soup version 0.23.1 (webtiles) character file.

Game seed: 3200172409081286768

40 Borgoz the Sneak (level 3, -3/27 HPs)
             Began as a Ghoul Enchanter on Mar 5, 2019.
             Killed from afar by an orc wizard (8 damage)
             ... with a magic dart
             ... on level 3 of the Dungeon.
             The game lasted 00:03:01 (1417 turns).

Borgoz the Sneak (Ghoul Enchanter)                  Turns: 1417, Time: 00:03:02

Health: -3/27      AC:  2    Str: 11    XL:     3   Next: 50%
Magic:  1/4        EV: 12    Int: 11    God:
Gold:   112        SH:  0    Dex:  9    Spells: 2/5 levels left

rFire    . . .     SeeInvis .   a - +1 dagger
rCold    + . .     Gourm    .   (no shield)
rNeg     + + +     Faith    .   b - +0 robe
rPois    ∞         Spirit   .   (no helmet)
rElec    .         Reflect  .   (no cloak)
rCorr    .         Harm     .   (no gloves)
MR       .....                  (no boots)
Stlth    ++........             (no amulet)
HPRegen  0.00/turn              (no ring)
MPRegen  0.09/turn              (no ring)

@: rotting
A: rotting body, claws 1, carnivore, cold resistance 1, negative energy
resistance 3, inhibited regeneration, torment resistance, unbreathing
a: no special abilities


You were on level 3 of the Dungeon.
You were not hungry.

You visited 1 branch of the dungeon, and saw 3 of its levels.

You collected 112 gold pieces.

Inventory:

Hand Weapons
 a - a +1 dagger (weapon)
Armour
 b - a +0 robe (worn)
Scrolls
 c - 4 scrolls of identify {unknown}
 e - 5 scrolls of remove curse {unknown}
 g - a scroll of fear {unknown}
 h - a scroll of enchant armour {unknown}
 i - a scroll of amnesia {unknown}
Potions
 f - a potion of curing
 j - a potion of might {unknown}
Comestibles
 d - 3 rations
 k - 3 chunks of flesh


   Skills:
 + Level 0.7 Fighting
 * Level 1.5 Short Blades
 + Level 0.6 Armour
 * Level 2.2 Dodging
 + Level 3.5 Stealth
 + Level 1.9 Spellcasting
 * Level 2.6 Hexes


You had 2 spell levels left.
You knew the following spells:

 Your Spells              Type           Power        Failure   Level  Hunger
a - Corona                Hex            #......      10%         1    ##.....
b - Ensorcelled Hibernat  Hex/Ice        #.....       26%         2    ###....

Your spell library contained the following spells:

 Spells                   Type           Power        Failure   Level  Hunger
 Confuse                  Hex            #.......     30%         3    ####...
 Tukima's Dance           Hex            #.......     30%         3    ####...
 Dazzling Spray           Conj/Hex       #.....       45%         3    ####...


Dungeon Overview and Level Annotations

Branches:
Dungeon (3/15)

Altars:


Innate Abilities, Weirdness & Mutations

Your body is rotting away.
You thrive on raw meat.
You are immune to poison.
You have sharp fingernails.
You are carnivorous and can eat meat at any time.
Your flesh is cold resistant. (rC+)
You are immune to negative energy. (rN+++)
You do not regenerate when monsters are visible.
You are immune to unholy pain and torment.
You can survive without breathing.


Message History

The orc wizard is lightly wounded.
The orc wizard barely misses you. The gnoll barely misses you.
You hit the orc wizard.
The orc wizard is lightly wounded.
The orc wizard misses you.
The orc wizard hits you but does no damage.
The gnoll hits you from afar with a +0 halberd!
Ouch! That really hurt!
* * * LOW HITPOINT WARNING * * *
Okay, then.
It was a potion of curing.
You feel better. The orc wizard completely misses you.
The orc wizard hits you with a +0 dagger.
The orc wizard hits you but does no damage.
The orc wizard gestures at you while chanting.
The magic dart hits you.
* * * LOW HITPOINT WARNING * * *
The orc wizard gestures at you while chanting.
The magic dart hits you!
You die...

#.#.#.##
#g#
#.##.##
#g#
#.##.#
#o#
#.##.#
#g#
#.##.#
#.#
.##.#
######o#
#.#
#.o.g..#
#.#
#.######
#.# #@#
#.# #.#
#.# #.#
#####.#
#.#
#.....#
#.#
#.#####
#.# #.#
#.#
######.#
#.#
#......#
#.#


You could see an orc wizard.

Vanquished Creatures
  A dart slug (D:1)
  A leopard gecko (D:1)
  An orc (D:3)
  3 giant cockroaches
  3 hobgoblins (D:1)
  4 jackals (D:1)
  A quokka (D:2)
  2 ball pythons
  5 bats
  5 goblins
  2 kobolds (D:1)
  5 rats (D:1)
33 creatures vanquished.

Notes
Turn   | Place    | Note
-------+----------+-------------------------------------------
     0 | D:1      | Borgoz the Ghoul Enchanter began the quest for the Orb.
     0 | D:1      | Reached XP level 1. HP: 14/14 MP: 2/2
    29 | D:1      | Reached skill level 1 in Short Blades
    79 | D:1      | Reached XP level 2. HP: 11/20 MP: 3/3
    86 | D:1      | Learned a level 2 spell: Ensorcelled Hibernation
   333 | D:1      | Reached XP level 3. HP: 23/27 MP: 4/4
  1417 | D:3      | Killed from afar by an orc wizard

Skill      XL: |  1  2 |
---------------+-------+-----
Short Blades   | 1 |  1.5
Dodging        | 2 |  2.2
Fighting       | |  0.7
Armour         | |  0.6
Stealth        | |  3.5
Spellcasting   | |  1.9
Hexes          | |  2.6

Action                   || total
-------------------------++-------
Melee: Dagger            ||   119
 Cast: Ensorcelled Hiber ||     8
       Corona            ||     1
  Use: Potion            ||     1
 Stab: Sleeping          ||    12
  Eat: Chunk             ||    19
Armor: Robe              ||    20
Dodge: Dodged            ||    82
